 Dungeon Crawl Stone Soup version 0.19.5 (webtiles) character file.

36913 JeffiDaFish the Arsonist (level 13, -1/107 HPs)
             Began as a Mottled Draconian Fire Elementalist on Sept 12, 2017.
             Was an Elder of Sif Muna.
             Slain by a seven-headed hydra (7 damage)
             ... on level 5 of the Lair of Beasts.
             The game lasted 01:17:27 (22695 turns).

JeffiDaFish the Arsonist (DrFE)                    Turns: 22695, Time: 01:17:29

Health: -1/107     AC: 11    Str: 11    XL:     13   Next: 55%
Magic:  3/25       EV: 20    Int: 16    God:    Sif Muna [****..]
Gold:   738        SH:  7    Dex: 19    Spells: 6 memorised, 9 levels left

rFire  . . .     SeeInvis .     d - +3 whip (elec)
rCold  . . .     Gourm    .     (armour unavailable)
rNeg   . . .     Faith    .     p - +1 buckler
rPois  +         Spirit   .     (helmet restricted)
rElec  .         Reflect  .     y - +1 cloak {rPois}
rCorr  .         Harm     .     s - +0 pair of gloves
MR     .....                    (no boots)
Stlth  ++........               e - amulet of magic regeneration
                                (no ring)
                                z - +3 ring of dexterity

@: no status effects
A: breathe sticky flame splash, unfitting armour, cold-blooded, AC +8
a: Breathe Sticky Flame, Divine Energy, Channel Magic, Forget Spell, Renounce
Religion


You were on level 5 of the Lair of Beasts.
You worshipped Sif Muna.
Sif Muna was greatly pleased with you.
You were hungry.

You visited 3 branches of the dungeon, and saw 18 of its levels.

You collected 994 gold pieces.
You spent 256 gold pieces at shops.

Inventory:

Hand Weapons
 d - a +3 whip of electrocution (weapon)
 t - a +1 flail of flaming
Armour
 p - a +1 buckler (worn)
 s - a +0 pair of gloves (worn)
 y - a +1 cloak of poison resistance (worn)
Magical Staves
 c - an uncursed staff of cold
Jewellery
 e - an amulet of magic regeneration (around neck)
 z - a +3 ring of dexterity (left hand)
 B - a cursed amulet of inaccuracy {unknown}
Wands
 r - a wand of acid (7/15)
Scrolls
 k - 11 scrolls of identify
 l - 6 scrolls of remove curse
 m - 7 scrolls of recharging
 u - a scroll of amnesia
 D - 2 scrolls of teleportation
Potions
 g - a potion of resistance
 n - 5 potions of curing
 o - a potion of cure mutation
 q - 5 potions of agility
 w - 2 potions of brilliance
 x - a potion of flight
 C - 3 potions of heal wounds
 E - a potion of might
Books
 a - a book of Flames

   Spells                             Type                      Level
   a - Flame Tongue                   Conjuration/Fire             1
   b - Throw Flame                    Conjuration/Fire             2
   c - Conjure Flame                  Conjuration/Fire             3
   d - Inner Flame                    Hexes/Fire                   3
   e - Sticky Flame                   Conjuration/Fire             4
   f - Fireball                       Conjuration/Fire             5
 G - a book of Unlife

   Spells                             Type                      Level
   a - Recall                         Summoning/Translocation      3
   b - Animate Dead                   Necromancy                   4
   c - Control Undead                 Necromancy                   4
   d - Cigotuvi's Embrace             Necromancy                   5
   e - Death Channel                  Necromancy                   6
   f - Simulacrum                     Ice/Necromancy               6
Comestibles
 b - 10 bread rations
 h - 3 fruits
 i - 2 slices of pizza
 j - a meat ration
 v - 4 beef jerkies
 A - 10 chunks of flesh


   Skills:
 + Level 8.1 Fighting
   Level 0.2 Short Blades
 + Level 7.2 Maces & Flails
 + Level 9.9 Dodging
 - Level 2.2 Stealth
 - Level 4.6 Shields
 * Level 8.6 Spellcasting
 + Level 8.4 Conjurations
 - Level 7.2 Hexes
   Level 0.2 Summonings
 + Level 0.4 Necromancy
 + Level 10.2 Fire Magic
   Level 0.4 Ice Magic
 - Level 6.0 Invocations


You had 9 spell levels left.
You knew the following spells:

 Your Spells              Type           Power        Failure   Level  Hunger
a - Flame Tongue          Conj/Fire      #####        1%          1    None
b - Throw Flame           Conj/Fire      #####.       1%          2    None
c - Inner Flame           Hex/Fire       ####....     1%          3    #......
d - Sticky Flame          Conj/Fire      #####...     2%          4    ###....
e - Fireball              Conj/Fire      #####.....   10%         5    #####..
g - Cigotuvi's Embrace    Necr           #.........   99%         5    #####..


Dungeon Overview and Level Annotations

Branches:
Dungeon (12/15)            Temple (1/1) D:7            Lair (5/6) D:11
 Shoals (0/4) Lair:3        Snake (0/4) Lair:2          Orc (0/2) D:10
  Slime: Lair:5-6

Altars:
Dithmenos
Elyvilon
Gozag
Hepliaklqana
Kikubaaqudgha
Makhleb
Nemelex Xobeh
Ru
Sif Muna
Trog
Xom
Yredelemnul
The Shining One
Beogh

Shops:
D:6 (%}[   D:8 }   D:11 }

Annotations:
D:6 JeffiDaFish's ghost, novice GrFi
Lair:2 JeffiDaFish's ghost, journeyman GrFi


Innate Abilities, Weirdness & Mutations

You can spit globs of burning liquid.
You can ignite nearby creatures when you spit burning liquid.
Your weird mottled scales are hard. (AC +8)
You cannot fit into any form of body armour.
You are cold-blooded and may be slowed by cold attacks.


Message History

The seven-headed hydra bites you.
* * * LOW HITPOINT WARNING * * *
The yak is engulfed in roaring flames. x2
You kill the yak!
Sif Muna accepts your kill. You block the wyvern's attack.
As you read the scroll of fear, it crumbles to dust.
You assume a fearsome visage.
The yak looks frightened! x2
The wyvern looks frightened!
The seven-headed hydra resists with some effort.
The hippogriff looks frightened!
The seven-headed hydra burns!
The seven-headed hydra completely misses you.
The seven-headed hydra bites you!
* * * LOW HITPOINT WARNING * * *
You block the seven-headed hydra's attack.
The seven-headed hydra bites you.
* * * LOW HITPOINT WARNING * * *
The seven-headed hydra completely misses you.
The seven-headed hydra bites you!
You die...

#P..............##
#....#
#...............P#
....
###.#...........##
#####........(.#
####/.....#
######..####
#.##.P..%##
#..P%....P##
#P##.....@....##
#.......YDl.#..8.
........H§§§......
#.........§§§%#8.>.
##.#......§Y§......
#####.............
##P......###+#
##.%$#..# ....##..


You could see a seven-headed hydra (burning), a hippogriff (fleeing), 2 yaks and
a wyvern (fleeing).

Vanquished Creatures
  3 hydras
  6 death yaks
  An unseen horror (D:11)
  8 hill giants
  3 manticores
  An ugly thing (D:12)
  A cyclops (D:11)
  3 black mambas
  4 elephants (Lair:2)
  7 spiny frogs
  3 rime drakes
  7 komodo dragons
  4 trolls
  2 two-headed ogres
  A polar bear (Lair:3)
  4 blink frogs
  3 dream sheep (Lair:5)
  8 hippogriffs
  8 slime creatures
  A meliai zombie (D:11)
  2 wyverns
  A spriggan (D:9)
  11 yaks
  Sigmund (D:4)
  A basilisk (Lair:2)
  2 steam dragons
  2 hungry ghosts
  2 wargs (D:11)
  10 water moccasins
  2 porcupines
  7 sky beasts
  14 orc warriors
  3 black bears
  An ice beast (D:9)
  A phantom (D:5)
  2 eyes of draining
  A necrophage (D:11)
  3 centaurs
  4 ogres
  3 wolves (Lair:2)
  5 crocodiles
  9 bullfrogs
  3 big kobolds
  A gnoll sergeant (D:5)
  4 scorpions
  3 wights (D:10)
  4 howler monkeys
  3 electric eels
  A crimson imp (D:9)
  4 centaur zombies
  4 jellies
  2 bullfrog zombies
  5 hounds
  10 orc priests
  11 orc wizards
  5 bullfrog skeletons
  2 centaur skeletons
  2 iguanas
  Natasha (thrice) (D:4)
  6 worker ants
  A worker ant zombie (D:11)
  Robin (D:3)
  13 gnolls
  21 adders
  2 shadow imps
  3 adder skeletons
  3 worms
  7 leopard geckos
  71 orcs
  4 giant cockroaches
  10 goblins
  12 hobgoblins
  17 jackals
  5 quokkas
  A ball python (D:1)
  6 bats
  5 frilled lizards
  A jackal skeleton (D:5)
  24 kobolds
  A leopard gecko zombie (D:6)
  6 rats
  A butterfly (Lair:2)
453 creatures vanquished.

Vanquished Creatures (others)
  A human (D:4)
  6 fungi
  A plant (Lair:3)
8 creatures vanquished.

Grand Total: 461 creatures vanquished

Notes
Turn   | Place    | Note
-------+----------+-------------------------------------------
     0 | D:1      | JeffiDaFish the Draconian Fire Elementalist began the quest for the Orb.
     0 | D:1      | Reached XP level 1. HP: 14/14 MP: 3/3
   268 | D:1      | Reached XP level 2. HP: 20/20 MP: 0/5
   303 | D:1      | You fall through a shaft!
   307 | D:2      | Learned a level 2 spell: Throw Flame
   540 | D:2      | Reached XP level 3. HP: 26/26 MP: 2/6
  1118 | D:2      | Learned a level 3 spell: Inner Flame
  1173 | D:2      | Reached XP level 4. HP: 30/33 MP: 3/7
  1462 | D:2      | You fall through a shaft!
  1659 | D:3      | Reached skill level 4 in Fire Magic
  1804 | D:3      | Reached XP level 5. HP: 38/38 MP: 4/9
  1806 | D:3      | Noticed Robin
  1812 | D:3      | Killed Robin
  1933 | D:3      | Reached skill level 1 in Maces & Flails
  2264 | D:3      | Reached XP level 6. HP: 45/45 MP: 4/10
  2494 | D:4      | Learned a level 4 spell: Sticky Flame
  2638 | D:4      | Noticed Sigmund
  2645 | D:4      | Killed Sigmund
  2645 | D:4      | Reached skill level 1 in Hexes
  2700 | D:4      | Reached skill level 1 in Fighting
  2943 | D:4      | Your scales start taking on a weird mottled colour.
  2943 | D:4      | Reached skill level 5 in Fire Magic
  2943 | D:4      | Reached XP level 7. HP: 43/52 MP: 12/12
  2959 | D:4      | Noticed Natasha
  2969 | D:4      | Killed Natasha
  3059 | D:4      | Found a glowing golden altar of the Shining One.
  3560 | D:4      | Found an ancient bone altar of Kikubaaqudgha.
  3568 | D:4      | Noticed a human
  3571 | D:4      | Killed a human
  3640 | D:4      | Noticed Natasha
  3648 | D:4      | Killed Natasha
  3791 | D:5      | Entered Level 5 of the Dungeon
  4528 | D:5      | Reached skill level 1 in Shields
  4528 | D:5      | Reached XP level 8. HP: 61/61 MP: 14/14
  4535 | D:5      | Learned a level 5 spell: Fireball
  4685 | D:4      | Noticed Natasha
  4691 | D:4      | Killed Natasha
  5529 | D:6      | Found Meicryasi's Food Shoppe.
  5530 | D:6      | Noticed JeffiDaFish's ghost (novice GrFi)
  5663 | D:6      | Found a shadowy altar of Dithmenos.
  5841 | D:6      | Found Heclua's Antique Weapon Shoppe.
  5841 | D:6      | Found Weoschuh's Gadget Shoppe.
  5851 | D:6      | Found Zunn's Antique Armour Shoppe.
  5857 | D:6      | Reached skill level 5 in Spellcasting
  5857 | D:6      | Reached skill level 6 in Fire Magic
  5870 | D:6      | Bought a runed flail for 256 gold pieces
  6597 | D:6      | Found a basalt altar of Yredelemnul.
  6765 | D:7      | Noticed a hippogriff
  6779 | D:7      | Killed a hippogriff
  6779 | D:7      | Reached XP level 9. HP: 47/67 MP: 1/16
  7094 | D:7      | Found a staircase to the Ecumenical Temple.
  7132 | D:7      | Reached skill level 5 in Conjurations
  7157 | Temple   | Entered the Ecumenical Temple
  7175 | Temple   | Became a worshipper of Sif Muna the Loreminder
  7571 | D:7      | Found an ancient bone altar of Kikubaaqudgha.
  7571 | D:7      | Found a hazy altar of Hepliaklqana.
  7572 | D:7      | Found a sparkling altar of Nemelex Xobeh.
  7935 | D:8      | Noticed a hill giant
  8070 | D:8      | Killed a hill giant
  8070 | D:8      | Reached skill level 7 in Fire Magic
  8070 | D:8      | Reached skill level 1 in Invocations
  8316 | D:8      | Found Nufreo's Gadget Emporium.
  9220 | D:8      | Reached * piety under Sif Muna
  9501 | D:9      | Noticed a hill giant
  9509 | D:9      | Killed a hill giant
  9509 | D:9      | Reached skill level 5 in Dodging
  9509 | D:9      | Reached XP level 10. HP: 37/77 MP: 8/19
 10049 | D:9      | Found a shimmering altar of Xom.
 10050 | D:9      | Found a burning altar of Makhleb.
 10671 | D:10     | Entered Level 10 of the Dungeon
 10788 | D:10     | Noticed a hill giant
 10795 | D:10     | Killed a hill giant
 10991 | D:10     | Reached ** piety under Sif Muna
 11323 | D:10     | Noticed a hill giant
 11336 | D:10     | Killed a hill giant
 11336 | D:10     | Reached skill level 5 in Hexes
 11525 | D:10     | Reached skill level 8 in Fire Magic
 11525 | D:10     | Reached XP level 11. HP: 70/85 MP: 19/21
 11576 | D:10     | Found a staircase to the Orcish Mines.
 12801 | D:10     | Reached skill level 5 in Fighting
 13077 | D:11     | Noticed an unseen horror
 13083 | D:11     | Killed an unseen horror
 13099 | D:11     | Noticed a hill giant
 13315 | D:11     | Noticed a hill giant
 13333 | D:11     | Killed a hill giant
 13333 | D:11     | Reached skill level 5 in Maces & Flails
 13498 | D:11     | Found Requbilo's Gadget Emporium.
 13689 | D:11     | Noticed a four-headed hydra
 13702 | D:11     | Killed a four-headed hydra
 13808 | D:11     | Noticed a hill giant
 13816 | D:11     | Killed a hill giant
 13816 | D:11     | Reached *** piety under Sif Muna
 14101 | D:11     | Found a roughly hewn altar of Beogh.
 14103 | D:11     | Reached skill level 5 in Invocations
 14418 | D:11     | Found a staircase to the Lair.
 14621 | D:11     | Noticed a seven-headed hydra
 14628 | D:11     | Killed a seven-headed hydra
 14905 | D:12     | Noticed a red ugly thing
 14938 | D:12     | Killed a red ugly thing
 15143 | D:12     | Reached XP level 12. HP: 87/96 MP: 22/22
 15218 | D:11     | Reached skill level 9 in Fire Magic
 16037 | D:12     | Reached **** piety under Sif Muna
 16268 | D:12     | Noticed an eight-headed hydra
 16278 | D:12     | Killed an eight-headed hydra
 16556 | Lair:1   | Entered Level 1 of the Lair of Beasts
 17857 | Lair:2   | Noticed JeffiDaFish's ghost (journeyman GrFi)
 18804 | Lair:2   | Found a staircase to the Snake Pit.
 19448 | Lair:3   | Noticed a death yak
 19480 | Lair:3   | Killed a death yak
 19659 | Lair:3   | Reached XP level 13. HP: 90/105 MP: 18/25
 20451 | Lair:3   | Found a staircase to the Shoals.
 21182 | Lair:2   | Reached skill level 10 in Fire Magic
 22077 | Lair:4   | Learned a level 4 spell: Summon Ice Beast
 22499 | Lair:5   | Learned a level 5 spell: Cigotuvi's Embrace
 22695 | Lair:5   | Slain by a seven-headed hydra

Skill      XL: |  1  2  3  4  5  6  7  8  9 10 11 12 13 |
---------------+----------------------------------------+-----
Dodging        | 2 3 5 6 7 9 |  9.9
Stealth        | 2 |  2.2
Conjurations   | 2 3 4 5 6 7 8 |  8.4
Fire Magic     | 4 5 6 7 8 9 10 | 10.2
Spellcasting   | 3 4 5 6 7 8 |  8.6
Maces & Flails | 1 2 3 4 5 6 7 |  7.2
Hexes          | 1 2 3 4 5 6 7 |  7.2
Fighting       | 1 3 4 6 7 8 |  8.1
Shields        | 1 3 4 |  4.6
Invocations    | 2 4 5 6 |  6.0
Short Blades   | |  0.2
Summonings     | |  0.2
Necromancy     | |  0.4
Ice Magic      | |  0.4

Action                   |  1- 3 |  4- 6 |  7- 9 | 10-12 | 13-15 || total
-------------------------+-------+-------+-------+-------+-------++-------
Melee: Unarmed           |    23 |       |       |       |       ||    23
       Tailslap          |     6 |    10 |    34 |    85 |    24 ||   159
       Dagger            |    29 |     6 |       |       |       ||    35
       Whip              |       |    88 |   387 |   572 |   122 ||  1169
 Cast: Flame Tongue      |    33 |    31 |    49 |   169 |    81 ||   363
       Throw Flame       |    10 |    33 |    23 |    65 |    17 ||   148
       Inner Flame       |       |     3 |     4 |     4 |     1 ||    12
       Sticky Flame      |       |     1 |    22 |    92 |    32 ||   147
       Fireball          |       |       |     2 |    29 |     5 ||    36
Invok: Forget Spell      |       |       |       |       |     1 ||     1
 Abil: Breathe Sticky Fl |       |       |       |     2 |       ||     2
  Use: Scroll            |     3 |     6 |     3 |    11 |     4 ||    27
       Potion            |     1 |     3 |    11 |     1 |     8 ||    24
 Stab: Distracted        |       |     1 |       |     1 |       ||     2
       Sleeping          |       |       |     5 |     4 |       ||     9
  Eat: Chunk             |     2 |     9 |    26 |    34 |    10 ||    81
       Beef jerky        |       |       |     2 |     1 |       ||     3
       Meat ration       |       |       |     1 |     2 |       ||     3
       Bread ration      |       |       |       |     2 |     1 ||     3
Armor: Skin              |    22 |    29 |   125 |   151 |    14 ||   341
Dodge: Dodged            |    49 |    54 |   285 |   434 |   106 ||   928
Block: Buckler           |       |       |   109 |   189 |    39 ||   337
